 Dungeon Crawl Stone Soup version 0.16.0-1-gbc1383b (console) character file.

66 gw the Ruffian (level 3, -1/29 HPs)
             Began as a Draconian Transmuter on Mar 14, 2015.
             Slain by an orc
             ... wielding a +0 flail
              (5 damage)
             ... on level 3 of the Dungeon.
             The game lasted 00:01:25 (2742 turns).

gw the Ruffian (Draconian Transmuter)               Turns: 2742, Time: 00:01:25

Health: -1/29      AC:  5    Str: 12    XL:     3   Next: 96%
Magic:  5/6        EV: 12    Int: 14    God:
Gold:   52         SH:  0    Dex: 11    Spells: 2 memorised, 3 levels left

rFire  . . .     SeeInvis .       - Unarmed
rCold  . . .     Clarity  .     (armour unavailable)
rNeg   . . .     SustAb   .     (no shield)
rPois  .         Gourm    .     (helmet restricted)
rElec  .         Spirit   .     (no cloak)
rCorr  .         Warding  .     (no gloves)
rMut   .         Stasis   .     (no boots)
MR     .....                    (no amulet)
Stlth  +.........               (no ring)
                                (no ring)

@: about to teleport, appendage (expiring), not resistant to hostile
enchantments, very unstealthy
A: unfitting armour, horns 2, cold-blooded, AC +5
a: End Transformation


You were on level 3 of the Dungeon.
You were very hungry.
You had grown temporary horns.
You visited 1 branch of the dungeon, and saw 3 of its levels.

You collected 52 gold pieces.

Inventory:

Missiles
 b - 40 arrows
 g - 8 stones (quivered)
Books
 d - a book of Changes

   Spells                             Type                      Level
   a - Beastly Appendage              Transmutation                1
   b - Sticks to Snakes               Transmutation                2
   c - Spider Form                    Transmutation/Poison         3
   d - Ice Form                       Ice/Transmutation            4
   e - Blade Hands                    Transmutation                5
Comestibles
 a - a bread ration
 f - a slice of pizza


   Skills:
 + Level 1.9 Fighting
 + Level 2.5 Dodging
 + Level 3.3 Unarmed Combat
 + Level 2.5 Spellcasting
 + Level 2.5 Transmutations


You had 3 spell levels left.
You knew the following spells:

 Your Spells              Type           Power        Failure   Level  Hunger
a - Beastly Appendage     Trmt           #.....       10%         1    #......
b - Spider Form           Trmt/Pois      #.........   47%         3    ###....


Dungeon Overview and Level Annotations

Branches:
Dungeon (3/15)

Altars:
Dithmenos


Innate Abilities, Weirdness & Mutations

Your plain brown scales are hard (AC +5).
Your body does not fit into most forms of armour.
Your cold-blooded metabolism reacts poorly to cold.
You have a pair of horns on your head.


Message History

You feel strangely unstable. The orc barely misses you.
The orc hits you with a war axe! The orc hits you but does no damage.
Unknown command.
Unknown command.
Unknown command.
FLEEEEING!
ATTACKING (-1,0)
You hit the orc!
You kill the orc!
The orc hits you with a whip.
Unknown command.
Unknown command.
Unknown command.
Unknown command.
FLEEEEING!
ATTACKING (-1,0)
You hit the ooze!
The ooze is severely wounded.
The orc hits you with a flail.
You die...

## .. # #.
...##.####
#......Jd#
#......oo#
#.......o#
#........#
#........#
#...(....+
#(.......#
#..(.....+
#........#


You could see an ooze and 3 orcs.

Table legend:
 A = Turns spent in this place as a percentage of turns spent in the entire game.
 B = Non-inter-level travel turns spent in this place as a percentage of non-inter-level travel turns spent in the entire game.
 C = Inter-level travel turns spent in this place as a percentage of turns spent in this place.
 D = Turns resting spent in this place as a percentage of non-inter-level travel turns spent in this place.
 E = Turns spent auto-exploring this place as a percentage of non-inter-level travel turns spent in this place.
 F = Non-inter-level travel turns spent in this place divided by the number of levels of this place that you've seen.
                   A       B       C       D       E      F
               +-------+-------+-------+-------+-------+----------------------
         Total | 100.0 | 100.0 |   0.4 |   3.4 |   2.2 | 881.7
       Dungeon | 100.0 | 100.0 |   0.4 |   3.4 |   2.2 | 881.7
               +-------+-------+-------+-------+-------+----------------------

Table legend:
 A = Kills in this place as a percentage of kills in entire the game.
 B = Kills by you in this place as a percentage of kills by you in the entire game.
 C = Kills by friends in this place as a percentage of kills by friends in the entire game.
 D = Other kills in this place as a percentage of other kills in the entire game.
 E = Experience gained in this place as a percentage of experience gained in the entire game.
 F = Experience gained in this place divided by the number of levels of this place that you have seen.
                   A       B       C       D       E      F
               +-------+-------+-------+-------+-------+----------------------
         Total | 100.0 | 100.0 |  -nan |  -nan | 100.0 |  31.7
       Dungeon | 100.0 | 100.0 |  -nan |  -nan | 100.0 |  31.7
               +-------+-------+-------+-------+-------+----------------------

Vanquished Creatures
  3 adders (D:2)
  A worm (D:2)
  An orc (D:3)
  2 bats (D:1)
  5 goblins
  7 hobgoblins
  A ball python (D:2)
  2 giant geckos
  7 giant newts
  3 jackals (D:1)
  3 kobolds
  2 rats (D:2)
37 creatures vanquished.

Notes
Turn   | Place    | Note
--------------------------------------------------------------
     0 | D:1      | gw, the Draconian Transmuter, began the quest for the Orb.
     0 | D:1      | Reached XP level 1. HP: 16/16 MP: 3/3
   352 | D:1      | Reached XP level 2. HP: 7/23 MP: 2/4
  1606 | D:2      | Reached XP level 3. HP: 24/28 MP: 4/6
  1651 | D:2      | Learned a level 3 spell: Spider Form
  1997 | D:2      | Found a shadowy altar of Dithmenos.
  2742 | D:3      | Slain by an orc

Action                   || total
-------------------------++-------
Melee: Unarmed           ||   102
Throw: Stone             ||    28
 Cast: Beastly Appendage ||    30
  Use: Scroll            ||     4
  Eat: Chunk             ||     5

Vault maps used:
D:1:      minmay_arrival_three_doors, minmay_newt_pond
D:2:      grunt_dithmenos_smoke_and_mirrors
D:3:      lemuel_upstairs_altar
